 Dungeon Sprint DCSS version 0.17-a0-1663-gb806841 (webtiles) character file.

36 Kidiri the Covered (level 3, -3/34 HPs)
             Began as a Minotaur Fighter on Aug 16, 2015.
             Was an Initiate of Okawaru.
             Slain by an orc warrior
             ... wielding a +0 long sword
              (18 damage)
             ... while paralysed by a giant eyeball
             ... in the Dungeon (Sprint VII: "The Pits").
             The game lasted 00:01:27 (263 turns).

Kidiri the Covered (Minotaur Fighter)                Turns: 263, Time: 00:01:27

Health: -3/34      AC:  7    Str: 20    XL:     3   Next: 19%
Magic:  2/2        EV:  2    Int:  5    God:    Okawaru [......]
Gold:   0          SH:  0    Dex: 10    Spells: 0 memorised, 2 levels left

rFire  . . .     SeeInvis .     a - +0 war axe
rCold  . . .     Clarity  .     b - +0 scale mail
rNeg   . . .     SustAt   .     c - +0 shield
rPois  .         Gourm    .     (helmet restricted)
rElec  .         Spirit   .     (no cloak)
rCorr  .         Warding  .     (no gloves)
rMut   .         NoTele   +     (no boots)
MR     .....                    (no amulet)
Stlth  ..........               (no ring)
                                (no ring)

@: paralysed, not resistant to hostile enchantments, extremely unstealthy
A: retaliatory headbutt, horns 2
a: Renounce Religion


You were in the Dungeon.
You worshipped Okawaru.
Okawaru was noncommittal.
You were not hungry.

You visited 1 branch

Inventory:

Hand weapons
 a - a +0 war axe (weapon)
Armour
 b - a +0 scale mail (worn)
 c - a +0 shield (worn)
Scrolls
 k - a scroll of blinking
 p - 3 scrolls of remove curse
 q - 5 scrolls of amnesia
 r - a scroll of summoning
Potions
 d - a potion of might
 f - a potion of curing
 g - a potion of heal wounds
 h - a potion of haste
 i - 4 potions of magic
 j - 3 potions of berserk rage
 o - 2 potions of invisibility
Comestibles
 e - 8 bread rations
 l - 4 chunks of flesh
 m - 40 fruits
 n - 7 meat rations


   Skills:
 + Level 4.4 Fighting
 * Level 4.3 Axes
 * Level 5.2 Armour
 + Level 2.1 Dodging
 * Level 5.1 Shields
 + Level 0.8 Invocations


You had 2 spell levels left.
You didn't know any spells.

Dungeon Overview and Level Annotations

Branches:
Dungeon (1/1)

Altars:
Ashenzari
Cheibriados
Dithmenos
Elyvilon
Fedhas
Gozag
Kikubaaqudgha
Makhleb
Nemelex Xobeh
Okawaru
Qazlal
Ru
Sif Muna
Trog
Vehumet
Xom
Yredelemnul
Zin
The Shining One
Beogh
Jiyva
Lugonu


Innate Abilities, Weirdness & Mutations

You reflexively headbutt those who attack you in melee.
You have a pair of horns on your head.


Message History

You closely miss the orc. The giant gecko bites you.
You block the orc's attack. The giant gecko bites you.
The orc hits you but does no damage.
You slash the orc!
You kill the orc!
Okawaru accepts your kill.
You closely miss the giant gecko.
The giant gecko is severely wounded.
The giant gecko bites you but does no damage.
The giant gecko barely misses you.
You closely miss the giant gecko.
The giant gecko is severely wounded.
You barely miss the orc warrior. The giant gecko barely misses you.
The orc warrior hits you with a long sword.
The giant eyeball gazes at you.
You suddenly lose the ability to move!
The giant gecko bites you.
The orc warrior hits you with a long sword!!
Ouch! That really hurt!
You die...

#_#)))+.+..##........
#_#)))#.#?(##......#.
#######+#####........
#...........'........
#+#####'#####......#.
#...#.# #........
#...#.# ####+####
#...รท.# #.......#
##@#### #.......#
#.olG.# #.......#
#.o...# #...<...#
#....... #.......#
#........##.......#
###########.......#
#########


You could see an orc warrior, a giant eyeball, an orc and a giant gecko.

Vanquished Creatures
  2 adders (D)
  A gnoll (D)
  An orc (D)
  3 jackals (D)
  A quokka (D)
  A rat (D)
9 creatures vanquished.

Notes
Turn   | Place    | Note
--------------------------------------------------------------
     0 | D        | Kidiri the Minotaur Fighter began the quest for the Orb.
     0 | D        | Reached XP level 1. HP: 19/19 MP: 0/0
    36 | D        | Reached skill level 4 in Armour
    39 | D        | Reached skill level 1 in Dodging
   161 | D        | Found a sacrificial altar of Ru.
   161 | D        | Found a basalt altar of Yredelemnul.
   161 | D        | Found a shadowy altar of Dithmenos.
   161 | D        | Found a deep blue altar of Sif Muna.
   161 | D        | Found a burning altar of Makhleb.
   161 | D        | Found a shimmering altar of Xom.
   161 | D        | Found an ancient bone altar of Kikubaaqudgha.
   161 | D        | Found a sparkling altar of Nemelex Xobeh.
   162 | D        | Found a glowing golden altar of the Shining One.
   162 | D        | Found a bloodstained altar of Trog.
   162 | D        | Found a shattered altar of Ashenzari.
   162 | D        | Found a white marble altar of Elyvilon.
   162 | D        | Found a snail-covered altar of Cheibriados.
   162 | D        | Found a blossoming altar of Fedhas.
   162 | D        | Found a radiant altar of Vehumet.
   162 | D        | Found a glowing silver altar of Zin.
   162 | D        | Found a corrupted altar of Lugonu.
   162 | D        | Found a viscous altar of Jiyva.
   162 | D        | Found a roughly hewn altar of Beogh.
   162 | D        | Found an iron altar of Okawaru.
   168 | D        | Found a stormy altar of Qazlal.
   168 | D        | Found an opulent altar of Gozag.
   171 | D        | Became a worshipper of Warmaster Okawaru
   190 | D        | Reached XP level 2. HP: 27/27 MP: 1/1
   206 | D        | Reached skill level 5 in Armour
   258 | D        | Noticed an orc warrior
   259 | D        | Reached skill level 5 in Shields
   259 | D        | Reached XP level 3. HP: 25/34 MP: 2/2
   262 | D        | Paralysed by a giant eyeball for 3 turns
   263 | D        | Slain by an orc warrior

Vault maps used:
D:        pitsprint

Action                   || total
-------------------------++-------
Melee: War axe           ||    27
